 Dungeon Crawl Stone Soup version 0.29.1-13-g9f3cf754e1 (webtiles) character file.

Game seed: 16892646305441783432

1791 khekkus the Basher (level 8, -3/99 HPs)
             Began as a Minotaur Berserker on Jan 20, 2023.
             Was a Priest of Trog.
             Slain by a wight
             ... wielding a +1 flail
              (8 damage)
             ... on level 6 of the Dungeon.
             The game lasted 00:23:17 (5424 turns).

khekkus the Basher (Minotaur Berserker)             Turns: 5424, Time: 00:23:19

Health: -3/99      AC: 12    Str: 22    XL:     8   Next: 82%
Magic:  7/7        EV: 13    Int:  4    God:    Trog [***...]
Gold:   211        SH:  5    Dex: 12    Spells: 7/7 levels left

rFire   . . .      SeeInvis .   G - +0 great mace
rCold   . . .      Faith    .   (shield currently unavailable)
rNeg    . . .      Spirit   .   h - +0 scale mail
rPois   .          Reflect  +   (helmet restricted)
rElec   .          Harm     .   y - +0 cloak
rCorr   .          Rampage  .   (no gloves)
Will    .....                   (no boots)
Stlth   ..........              F - amulet of reflection
HPRegen 0.26/turn               m - +4 ring of protection
MPRegen 0.10/turn               (no ring)

@: berserking (expiring), lethally poisoned (-3 -> -4), very quick
A: horns 2, retaliatory headbutt
a: Renounce Religion, Berserk, Trog's Hand


You were on level 6 of the Dungeon.
You worshipped Trog.
Trog was most pleased with you.
You visited 2 branches of the dungeon, and saw 7 of its levels.

You collected 211 gold pieces.

Inventory:

Hand Weapons
 a - a +0 mace
 G - a +0 great mace (weapon)
Missiles
 f - 53 stones
 u - 7 poisoned darts (quivered)
Armour
 b - a +0 animal skin
 g - a +0 ring mail
 h - a +0 scale mail (worn)
 y - a +0 cloak (worn)
Jewellery
 m - a +4 ring of protection (left hand)
 o - a ring of fire
 F - an amulet of reflection (around neck)
Wands
 p - a wand of digging (8)
Scrolls
 c - a scroll of immolation {unknown}
 d - a scroll of acquirement {unknown}
 e - 2 scrolls of vulnerability {unknown}
 i - 3 scrolls of teleportation {unknown}
 k - a scroll of noise {unknown}
 n - a scroll of fear {unknown}
 r - 2 scrolls of magic mapping {unknown}
 s - 2 scrolls of amnesia {unknown}
 t - a scroll of blinking {unknown}
 w - 2 scrolls of brand weapon {unknown}
 D - a scroll of butterflies {unknown}
Potions
 j - a potion of might
 l - a potion of cancellation
 q - 2 potions of berserk rage
 v - 3 potions of heal wounds
 x - 2 potions of flight {unknown}
 z - 2 potions of curing {unknown}
 A - a potion of ambrosia {unknown}
 B - a potion of haste {unknown}
 C - a potion of attraction {unknown}
 E - a potion of magic {unknown}
 H - a potion of mutation {unknown}
 I - a potion of brilliance {unknown}


   Skills:
 - Level 3.8 Fighting
 + Level 10.0 Maces & Flails
 - Level 2.0 Throwing
 - Level 4.0 Armour
 + Level 8.0 Dodging
 - Level 2.0 Evocations


You had 7 spell levels left.
You didn't know any spells.
Your spell library was empty.

Dungeon Overview and Level Annotations

Branches:
Dungeon (6/15)             Temple (1/1) D:5

Altars:
Ashenzari
Cheibriados
Elyvilon
Fedhas
Gozag
Hepliaklqana
Kikubaaqudgha
Makhleb
Nemelex Xobeh
Okawaru
Qazlal
Ru
Trog
Uskayaw
Vehumet
Wu Jian
Xom
Yredelemnul
The Shining One


Innate Abilities, Weirdness & Mutations

You have a pair of horns on your head.
You reflexively headbutt those who attack you in melee.


Message History

You headbutt the wight! You block the gnoll's attack.
You block the gnoll sergeant's attack.
Things that are here:
a +0 spear; a water moccasin corpse You barely miss the wight.
The wight is heavily damaged.
You feel sick.
You completely miss the wight.
The wight is heavily damaged.
You feel sick.
The gnoll sergeant hits you but does no damage.
The wight barely misses you. The gnoll completely misses you.
You bludgeon the wight!!
You destroy the wight!
Trog accepts your kill.
You feel sick. The gnoll sergeant closely misses you.
The gnoll closely misses you.
Your Maces & Flails skill increases to level 10!
Your Dodging skill increases to level 8!
You hit the wight. Your headbutt misses the wight.
The wight is lightly damaged.
You feel sick. The wight hits you with a +1 flail.
* * * LOW HITPOINT WARNING * * *
You block the gnoll sergeant's attack. You block the gnoll's attack.
You closely miss the wight.
The wight is lightly damaged.
The wight misses you.
The gnoll sergeant hits you from afar with a +0 spear.
* * * LOW HITPOINT WARNING * * *
You block the gnoll's attack.
You sock the wight!
The wight is almost destroyed.
You feel sick.
You closely miss the wight.
The wight is almost destroyed.
You feel sick.
The gnoll sergeant hits you from afar with a +0 spear.
* * * LOW HITPOINT WARNING * * *
The wight hits you with a +1 flail!
You die...

#.........[..#
#.###.#
#............# #.#
#.#
#.#####...##.###.#
#.# ..#
#....#.##..# #..
### #.........##
### #...#...###
#...##...###
#...##>..).#
#...##...#@#
#...##)###z###
#...##.#☼ggg§#
#...##.#..gS.#
######...._(..zzg.
#.#.....#....
#.#°..(○#....
#.###.### ... #..
... ..


You could see a gnoll sergeant, a wight, 3 gnolls and an adder.

Vanquished Creatures
  A steam dragon (D:6)
  2 water moccasins
  2 ogres
  A phantom (D:6)
  3 necrophages
  5 scorpions
  4 wights (D:6)
  A howler monkey (D:5)
  2 orc priests
  Crazy Yiuf (D:3)
  6 iguanas
  An orc wizard (D:3)
  Robin (D:3)
  5 adders
  5 gnolls
  2 worms
  2 dart slugs (D:3)
  16 orcs
  2 ball pythons
  7 bats
  8 endoplasms
  2 giant cockroaches (D:2)
  13 goblins
  4 hobgoblins (D:3)
  5 jackals
  2 quokkas
  5 frilled lizards
  10 kobolds
  4 rats
122 creatures vanquished.

Notes
Turn   | Place    | Note
-------+----------+-------------------------------------------
     0 | D:1      | khekkus the Minotaur Berserker began the quest for the Orb.
     0 | D:1      | Reached XP level 1. HP: 19/19 MP: 0/0
   336 | D:1      | Reached skill level 4 in Maces & Flails
   430 | D:1      | Reached XP level 2. HP: 24/27 MP: 1/1
  1034 | D:2      | Found a faded altar of an unknown god.
  1144 | D:2      | Reached XP level 3. HP: 25/33 MP: 2/2
  1536 | D:2      | Found an iron altar of Okawaru.
  1996 | D:2      | Reached ** piety under Trog
  2034 | D:3      | Reached skill level 1 in Throwing
  2034 | D:3      | Reached XP level 4. HP: 26/40 MP: 3/3
  2166 | D:3      | Reached skill level 1 in Evocations
  2307 | D:3      | Reached XP level 5. HP: 44/46 MP: 4/4
  2527 | D:3      | Noticed Robin
  2542 | D:3      | Killed Robin
  2691 | D:3      | Found a runed translucent door.
  2692 | D:3      | Noticed Crazy Yiuf
  2701 | D:3      | Killed Crazy Yiuf
  2921 | D:4      | Noticed a water moccasin
  2928 | D:4      | Reached skill level 5 in Maces & Flails
  2928 | D:4      | Reached XP level 6. HP: 49/52 MP: 5/5
  2932 | D:4      | Killed a water moccasin
  3105 | D:4      | Reached skill level 6 in Maces & Flails
  3113 | D:4      | Reached *** piety under Trog
  3260 | D:4      | Reached XP level 7. HP: 58/58 MP: 6/6
  3369 | D:4      | Reached skill level 5 in Dodging
  3811 | D:5      | Entered Level 5 of the Dungeon
  3906 | D:5      | Reached skill level 7 in Maces & Flails
  4100 | D:5      | Found a staircase to the Ecumenical Temple.
  4109 | Temple   | Entered the Ecumenical Temple
  4506 | D:5      | Reached skill level 8 in Maces & Flails
  4794 | D:6      | Reached XP level 8. HP: 66/66 MP: 7/7
  4974 | D:6      | Reached skill level 9 in Maces & Flails
  5255 | D:6      | Found an ancient bone altar of Kikubaaqudgha.
  5421 | D:6      | Reached skill level 10 in Maces & Flails
  5424 | D:6      | Slain by a wight

Illustrated notes

Levels and vault maps discovered:
D:1:      dpeg_chamrin_arrival_tetris, layout_basic,
          chequers_serial_rivers_micro_b
D:2:      layout_basic, hellmonk_ecumenical_altar_zigzags, basic_altar,
          corexii_hall_statues_s
D:3:      layout_rooms, dreamdust_princess_corridor, uniq_crazy_yiuf_cottage,
          uniq_robin
D:4:      layout_rooms, moated_statue, solitary_fountain
D:5:      layout_cave_pods, minmay_temple_entry_drinking_statues,
          roderic_roman_lattice
D:6:      layout_basic, nicolae_kikubaaqudgha_miasma_corner
Temple:   nicolae_temple_no_exploring_needed

Skill      XL: |  1  2  3  4  5  6  7  8 |
---------------+-------------------------+-----
Maces & Flails | 4 5 6 8 10 | 10.0
Armour         | 3 4 |  4.0
Throwing       | 1 2 |  2.0
Evocations     | 2 |  2.0
Dodging        | 3 4 6 8 |  8.0
Fighting       | |  3.8

Action                   |  1- 3 |  4- 6 |  7- 9 || total
-------------------------+-------+-------+-------++-------
Melee: Mace              |    84 |   108 |       ||   192
       Headbutt          |     4 |    18 |    18 ||    40
       Punch             |     1 |     3 |       ||     4
       Great mace        |       |     5 |   115 ||   120
Throw: Dart              |       |     5 |     2 ||     7
Invok: Berserk           |       |     1 |     1 ||     2
  Use: Scroll            |       |       |     5 ||     5
 Stab: Sleeping          |     1 |       |       ||     1
Armor: Animal skin       |     5 |       |       ||     5
       Scale mail        |    63 |    49 |    42 ||   154
Dodge: Dodged            |    42 |    63 |    59 ||   164
Block: Other             |       |     2 |    33 ||    35
